 Dungeon Crawl Stone Soup version 0.25.0-26-g0c896c7088 (webtiles) character file.

Game seed: 7538965836774578281

321 Ethylacetat the Stinger (level 6, -1/49 HPs)
             Began as a Naga Venom Mage on July 4, 2020.
             Killed by nerve-wracking pain
             ... invoked by a shadow imp
              (10 damage)
             ... on level 5 of the Dungeon.
             The game lasted 00:15:52 (3270 turns).

Ethylacetat the Stinger (Naga Venom Mage)           Turns: 3270, Time: 00:15:52

Health: -1/49      AC:  3    Str: 12    XL:     6   Next: 46%
Magic:  10/10      EV: 10    Int: 15    God:
Gold:   203        SH:  0    Dex: 12    Spells: 10/11 levels left

rFire    . . .     SeeInvis +   (no weapon)
rCold    . . .     Gourm    .   (no shield)
rNeg     . . .     Faith    .   a - +0 robe
rPois    +         Spirit   .   (no helmet)
rElec    .         Reflect  .   (no cloak)
rCorr    .         Harm     .   (no gloves)
MR       .....                  (no barding)
Stlth    ++........             (no amulet)
HPRegen  0.16/turn              (no ring)
MPRegen  0.12/turn              (no ring)

@: very slow
A: large, see invisible, deformed body, poison resistance, slowness 2, slow
metabolism 1, spit poison 1, AC +2
a: Spit Poison


You were on level 5 of the Dungeon.
You were not hungry.

You visited 1 branch of the dungeon, and saw 5 of its levels.

You collected 203 gold pieces.

Inventory:

Missiles
 o - a throwing net (quivered)
Armour
 a - a +0 robe (worn)
Wands
 n - a wand of random effects (16)
Scrolls
 b - a scroll of enchant weapon {unknown}
 d - 5 scrolls of identify {unknown}
 e - 2 scrolls of fog {unknown}
 f - 3 scrolls of amnesia {unknown}
 h - 4 scrolls of remove curse {unknown}
 j - a scroll of teleportation {unknown}
 k - a scroll of magic mapping {unknown}
Potions
 g - a potion of magic {unknown}
 i - a potion of might {unknown}
 m - a potion of brilliance {unknown}
Comestibles
 c - 11 rations
 l - a chunk of flesh


   Skills:
 - Level 1.5 Dodging
 - Level 3.0 Stealth
 + Level 3.1 Spellcasting
 * Level 4.0 Transmutations
 * Level 6.6 Poison Magic


You had 10 spell levels left.
You knew the following spells:

 Your Spells              Type           Power        Failure   Level  Hunger
a - Sting                 Tmut/Pois      ###.         2%          1    #......

Your spell library contained the following spells:

 Spells                   Type           Power        Failure   Level  Hunger
 Poisonous Vapours        Pois/Air       ##....       8%          2    ##.....
 Olgreb's Toxic Radiance  Pois           ###.....     13%         4    #####..
 Ignite Poison            Fire/Tmut/Pois ##......     14%         3    ###....
 Mephitic Cloud           Conj/Pois/Air  #.......     24%         3    ###....


Dungeon Overview and Level Annotations

Branches:
Dungeon (5/15)
 Temple: D:4-7

Altars:
Ashenzari
Ru
Sif Muna
Wu Jian

Annotations:
D:4 2 transporters, Menkaure; Turtleman12345's ghost, amateur DsFi


Innate Abilities, Weirdness & Mutations

You cannot wear boots.
Your serpentine skin is tough. (AC +2)
You have supernaturally acute eyesight. (SInv)
Armour fits poorly on your strangely shaped body.
Your system is resistant to poisons. (rPois)
You cover ground very slowly.
You have a slow metabolism.
You can spit poison.


Message History

The shadow imp summons a swarm of flies.
The shadow imp barely misses you.
You closely miss the shadow imp.
The shadow imp is severely wounded.
The shadow imp hits you.
* * * LOW HITPOINT WARNING * * *
You hit the shadow imp.
The shadow imp is severely wounded.
The shadow imp barely misses you.
You hit the shadow imp.
The shadow imp is almost dead.
The shadow imp hits you but does no damage.
You barely miss the shadow imp.
The shadow imp is almost dead.
The shadow imp barely misses you.
You barely miss the shadow imp.
The shadow imp is almost dead.
The shadow imp gestures at you. Pain shoots through your body!
You die...

..........%
.......... .........
#......# ##.....#
#.....# #. #..5..#
#.. #..@..# #..#
#....## #..# ##....#
.# #..####.....##
..## ##...##.......#
....##........######
............###
...........##
...........#


You could see a shadow imp.

Vanquished Creatures
  A scorpion (D:5)
  An orc priest (D:4)
  4 worker ants
  6 adders
  An adder skeleton (D:3)
  A worm (D:3)
  2 dart slugs
  7 leopard geckos
  9 orcs
  A ball python (D:1)
  2 giant cockroaches (D:2)
  A goblin (D:3)
  6 hobgoblins
  8 jackals
  13 kobolds
  A quokka (D:3)
  5 bats
  3 frilled lizards
  9 rats
81 creatures vanquished.

Notes
Turn   | Place    | Note
-------+----------+-------------------------------------------
     0 | D:1      | Ethylacetat the Naga Venom Mage began the quest for the
                  | Orb.
     0 | D:1      | Reached XP level 1. HP: 15/15 MP: 3/3
   124 | D:1      | Reached XP level 2. HP: 22/22 MP: 0/5
   511 | D:1      | Reached XP level 3. HP: 28/28 MP: 6/6
  1137 | D:2      | Reached skill level 5 in Poison Magic
  1160 | D:2      | Reached XP level 4. HP: 20/36 MP: 5/7
  1855 | D:3      | Found an ornate altar of the Wu Jian Council.
  1950 | D:3      | Reached XP level 5. HP: 12/42 MP: 2/8
  1964 | D:2      | Found a shattered altar of Ashenzari.
  1964 | D:2      | Found a sacrificial altar of Ru.
  2291 | D:3      | Found a shimmering blue altar of Sif Muna.
  2583 | D:4      | Noticed Menkaure
  2973 | D:4      | Reached skill level 6 in Poison Magic
  2990 | D:4      | Found a transporter.
  2990 | D:4      | Noticed Turtleman12345's ghost (amateur DsFi)
  3113 | D:4      | Found a transporter.
  3188 | D:4      | Reached XP level 6. HP: 49/49 MP: 10/10
  3196 | D:5      | Entered Level 5 of the Dungeon
  3270 | D:5      | Killed from afar by a shadow imp

Illustrated notes

Levels and vault maps discovered:
D:1:      minmay_arrival_shoal_huts, layout_basic
D:2:      layout_basic, nicolae_overflow_hidden_temple, minmay_misc_feat_x,
          eino_tiny_chamber
D:3:      layout_rooms, lemuel_crystal_altar, overflow_temple_1_default
D:4:      layout_basic, first_ration, gammafunk_ghost_mausoleum, minmay_puff,
          uniq_menkaure
D:5:      layout_layer_cave, uniq_grinder

Skill      XL: |  1  2  3  4  5  6 |
---------------+-------------------+-----
Transmutations | 2 3 4 |  4.0
Poison Magic   | 5 6 |  6.6
Spellcasting   | 3 |  3.1
Dodging        | |  1.5
Stealth        | |  3.0

Action                   |  1- 3 |  4- 6 || total
-------------------------+-------+-------++-------
Melee: Unarmed           |    21 |    46 ||    67
 Cast: Sting             |    23 |    49 ||    72
 Abil: Spit Poison       |    31 |    37 ||    68
  Eat: Chunk             |     2 |     8 ||    10
Armor: Robe              |    10 |     9 ||    19
Dodge: Dodged            |    26 |    33 ||    59
